 Dungeon Crawl Stone Soup version 0.29.0-11-gd7f09526c8 (webtiles) character file.

Game seed: 2694555545152437713

59 ImASeal the Magician (level 4, -1/32 HPs)
             Began as a Djinni Fire Elementalist on Sept 6, 2022.
             Slain by a gnoll
             ... wielding a +0 flail
              (7 damage)
             ... on level 2 of the Dungeon.
             The game lasted 00:04:39 (2801 turns).

ImASeal the Magician (Djinni Fire Elementalist)     Turns: 2801, Time: 00:04:40

Health: -1/32      AC:  2    Str:  7    XL:     4   Next: 22%
Gold:   84         EV: 12    Int: 19    God:
                   SH:  0    Dex: 13

rFire   + + .      SeeInvis .   j - +0 club
rCold   x . .      Faith    .   (no shield)
rNeg    . . .      Spirit   .   a - +0 robe
rPois   ∞          Reflect  .   (no helmet)
rElec   .          Harm     .   (no cloak)
rCorr   .          Rampage  .   (no gloves)
Will    .....                   (boots unavailable)
Stlth   ++........              (no amulet)
HPRegen 0.10/turn               (no ring)
MPRegen 0.00/turn               (no ring)

@: flying
A: sickness immunity, fire resistance 2, cold vulnerability 1, float, innate
caster, HP casting, extra vitality 1
a: no special abilities


You were on level 2 of the Dungeon.
You visited 1 branch of the dungeon, and saw 2 of its levels.

You collected 84 gold pieces.

Inventory:

Hand Weapons
 j - a +0 club (weapon)
Armour
 a - a +0 robe (worn)
Jewellery
 i - a ring of poison resistance
 m - an amulet of faith
Scrolls
 e - 2 scrolls of noise {unknown}
 g - 2 scrolls of identify {unknown}
 h - a scroll of brand weapon {unknown}
 k - a scroll of amnesia {unknown}
 l - a scroll of teleportation {unknown}
Potions
 b - a potion of might {unknown}
 c - a potion of flight {unknown}
 d - a potion of haste {unknown}
 f - a potion of attraction {unknown}


   Skills:
 * Level 1.4 Fighting
 - Level 2.1 Dodging
 - Level 1.7 Stealth
 - Level 0.4 Unarmed Combat
 + Level 3.3 Spellcasting


You couldn't memorise any spells.
You knew the following spells:

 Your Spells              Type           Power      Damage    Failure   Level
a - Foxfire               Conj/Fire      64%        2x1d7     3%          1
b - Scorch                Fire           32%        2d7       5%          2
c - Conjure Flame         Conj/Fire      16%        6-21      11%         3
d - Inner Flame           Hex/Fire       16%        N/A       11%         3
e - Flame Wave            Conj/Fire      16%        2d7       36%         4
f - Sandblast             Erth           32%        2d9       3%          1
Your spell library was empty.

Dungeon Overview and Level Annotations

Branches:
Dungeon (2/15)

Altars:

Shops:
D:1 =


Innate Abilities, Weirdness & Mutations

You are immune to sickness and miasma.
You are immune to poison.
Your flesh is very heat resistant. (rF++)
You are vulnerable to cold. (rC-)
You float through the air rather than walking.
You learn spells naturally, not from books.
Your magical power is your life essence.
You have superior vitality. (+4 MHP)


Message History

Casting: Scorch (safe; 7% risk of failure)
Confirm with . or Enter, or press ? or * to list all spells.
You conjure some foxfire!
A giant cockroach comes into view.
The gnoll closely misses you.
Casting: Foxfire (safe; 4% risk of failure)
Confirm with . or Enter, or press ? or * to list all spells.
Flames lash the gnoll.
The gnoll is burned terribly!
The gnoll is heavily wounded.
The gnoll is no longer more vulnerable to fire.
The foxfire hits the gnoll.
The gnoll is burned terribly!
You kill the gnoll!
The foxfire hits the gnoll but does no damage.
The gnoll is almost dead.
You have reached level 4!
You feel clever.
Casting: Scorch (safe; 6% risk of failure)
Confirm with . or Enter, or press ? or * to list all spells.
You conjure some foxfire!
The gnoll closely misses you.
Casting: Foxfire (safe; 4% risk of failure)
Confirm with . or Enter, or press ? or * to list all spells.
Flames lash the gnoll.
The gnoll is lightly wounded.
The gnoll's fire resistance burns away.
The foxfire hits the gnoll.
You kill the gnoll!
The foxfire hits the gnoll but does no damage.
Casting: Scorch (safe; 5% risk of failure)
Confirm with . or Enter, or press ? or * to list all spells.
Flames lash the gnoll.
The gnoll is burned terribly!
The gnoll is almost dead.
The gnoll hits you from afar with a +0 halberd!
* * * LOW HITPOINT WARNING * * *
The gnoll closely misses you.
Casting: Scorch (safe; 5% risk of failure)
Confirm with . or Enter, or press ? or * to list all spells.
Flames lash the giant cockroach.
You kill the giant cockroach!
* * * LOW HITPOINT WARNING * * *
The gnoll hits you with a +0 flail!
You die...

.. ... ..## ### ### ###
#.... ##.## ##.## ##.##
#.#.##
#...###...###...###......
.....#.....#.....#g......
.....'..<..'....@g...#
.....#.....#.....#...#
#...###...###...##...#
##.## ##.## ##.## .....
.### ### ### ...### ..
...# .. #### ..


You could see 2 gnolls.

Vanquished Creatures
  2 gnolls (D:2)
  2 dart slugs (D:1)
  5 endoplasms
  3 giant cockroaches
  A goblin (D:1)
  2 hobgoblins (D:1)
  4 jackals (D:1)
  A quokka (D:1)
  4 ball pythons (D:1)
  6 bats (D:1)
  A frilled lizard (D:1)
  2 rats (D:1)
33 creatures vanquished.

Vanquished Creatures (others)
  78 foxfires
78 creatures vanquished.

Grand Total: 111 creatures vanquished

Notes
Turn   | Place    | Note
-------+----------+-------------------------------------------
     0 | D:1      | ImASeal the Djinni Fire Elementalist began the quest for
                  | the Orb.
     0 | D:1      | ImASeal set off with the following spells memorised:
                  | Foxfire, Scorch, Conjure Flame, Inner Flame, Flame Wave.
     0 | D:1      | Reached XP level 1. HP: 15/15 MP: 0/0
   392 | D:1      | Reached XP level 2. HP: 6/22 MP: 0/0
   614 | D:1      | Found Geomof's Jewellery Shoppe.
  1670 | D:1      | Reached XP level 3. HP: 19/26 MP: 0/0
  1670 | D:1      | Learned a level 1 spell: Sandblast
  1776 | D:1      | Reached skill level 1 in Fighting
  2039 | D:1      | Reached skill level 3 in Spellcasting
  2798 | D:2      | Reached XP level 4. HP: 21/32 MP: 0/0
  2801 | D:2      | Slain by a gnoll

Illustrated notes

Levels and vault maps discovered:
D:1:      dpeg_arrival_brainrot, layout_basic, serial_shops,
          nicolae_square_shop, st_stairs_14
D:2:      layout_basic, ebering_ecumenical_altar_webs, nicolae_hexahallways

Skill      XL: |  1  2  3 |
---------------+----------+-----
Fighting       | 1 |  1.4
Spellcasting   | 3 |  3.3
Dodging        | |  2.1
Stealth        | |  1.7
Unarmed Combat | |  0.4

Action                   |  1- 3 |  4- 6 || total
-------------------------+-------+-------++-------
Melee: Unarmed           |   111 |       ||   111
 Cast: Foxfire           |    46 |     1 ||    47
       Scorch            |     7 |     3 ||    10
Armor: Robe              |    36 |       ||    36
Dodge: Dodged            |   121 |     2 ||   123
